[Event "Live Chess"]
[Site "Chess.com"]
[Date "2024.06.01"]
[Round "-"]
[White "nitrofish07"]
[Black "Ocelot32"]
[Result "1-0"]
[WhiteElo "2141"]
[BlackElo "1388"]
[TimeControl "300"]
[EndTime "10:31:21 PDT"]
[Termination "nitrofish07 won by resignation"]

1. d4 Nf6 2. c4 e6 3. g3 d5 4. Bg2 c6 5. Nf3 Be7 6. O-O O-O 7. Nc3 Nbd7 8. Nd2 Rb8 9. a4 b6 10. e4 dxe4 11. Ndxe4 c5 12. d5 exd5 13. cxd5 Bb7 14. d6 Nxe4 15. dxe7 Qxe7 16. Nxe4 Bxe4 17. Bxe4 Qxe4 18.
Qxd7 Rfd8 19. Qh3 g6 20. Qg2 Qe2 21. Bf4 Rbc8 22. b3 Rd3 23. Rab1 Rcd8 24. Rfe1 Qg4 25. h3 Qh5 26. a5 Rd1 27. g4 Rxe1+ 28. Rxe1 Qd5 29.
Qxd5 Rxd5 30. Bh6 Rd8 31. axb6 axb6 32. Re7 b5 33. Rb7 c4 34. bxc4 bxc4 35. Rc7 Rd1+ 36.
Kg2 Rd8 37. Rxc4 f5 38. gxf5 gxf5 39. Bg5 Rd6 40. h4 Rg6 41. Kh3 h6 42. Bf4 Kf7 43. Rc7+ Ke8 44. Rh7 Kf8 45. Rxh6 Rg7 46. Rf6+ Ke8 47.
Rxf5 Rd7 48. Bg5 Rd3+ 49. f3 1-0

[Event "Live Chess"]
[Site "Chess.com"]
[Date "2024.06.01"]
[Round "-"]
[White "febray_27"]
[Black "mychess51"]
[Result "1/2-1/2"]
[WhiteElo "1987"]
[BlackElo "1857"]
[TimeControl "300"]
[EndTime "10:31:23 PDT"]
[Termination "Game drawn - timeout vs insufficient material"]

1. Nf3 e6 2. d4 Nf6 3. g3 d5 4. Bg2 c5 5. O-O cxd4 6. Nxd4 Nc6 7. c4 Nxd4 8. Qxd4 Be7 9. Nc3 O-O 10. cxd5 exd5 11.
Nxd5 Nxd5 12. Qxd5 Rb8 13. Bf4 Qxd5 14. Bxd5 Ra8 15. Rac1 Bf6 16. b3 a5 17. a4 Ra6 18. e4 Bb2 19. Rc2 Ba3 20. Rc7 Bd6 21.
Bxd6 Rxd6 22. Rfc1 Be6 23. Bxe6 Rxe6 24. f3 Rb6 25.
R1c3 g6 26. Kf2 Rd8 27. Ke3 Rd1 28. h4 Rb1 29. Kf4 R1xb3 30. R3c4 Rf6+ 31. Ke5 Rfxf3 32. R7c5 b6 33. Rb5 Rxg3 34. Rxb3 Rxb3 35. Kf6 Rf3+ 36. Kg5 Kg7 37. Kg4 Rf6 38. e5 h5+ 39. Kg3 Re6 40.
Kf4 Kh6 41. Rc7 Kg7 42. Rd7 Rc6 43. Rd4 Kh6 44. Re4 Re6 45. Rc4 f6 46. exf6 Rxf6+ 47. Kg3 g5 48. hxg5+ Kxg5 49. Rd4 Kg6 50. Kh4 Rc6 51.
Re4 Kf5 52. Rd4 Ke5 53. Rd8 Rc4+ 54. Kxh5 Rxa4 55. Kg5 b5 56. Re8+ Kd5 57. Kf5 b4 58. Rd8+ Kc4 59. Ke5 b3 60. Rd4+ Kb5 61. Rd2 Rb4 62.
Rb2 a4 63. Kd5 a3 64. Rb1 b2 65. Rxb2 axb2 66. Ke5 b1=Q 67. Kd5 Qd1+ 68. Ke5 1/2-1/2

[Event "Live Chess"]
[Site "Chess.com"]
[Date "2024.06.01"]
[Round "-"]
[White "DavrosLight"]
[Black "viktorskliarov"]
[Result "0-1"]
[WhiteElo "764"]
[BlackElo "2643"]
[TimeControl "300"]
[EndTime "10:31:25 PDT"]
[Termination "viktorskliarov won by checkmate"]

1. e4 c5 2. Nf3 Nc6 3. d4 cxd4 4. Nxd4 Nf6 5. Nxc6 bxc6 6. e5 Nd5 7. Bc4 Qc7 8.
Qh5 g6 9. Qe2 Bg7 10. Bxd5 cxd5 11. Bf4 a5 12. O-O Ba6 13. Qd2 Bxf1 14. Qxd5 O-O 15.
e6 Qxf4 16. exf7+ Qxf7 17. Qxd7 Qxf2+ 18. Kh1 Bxg2# 0-1

[Event "Live Chess"]
[Site "Chess.com"]
[Date "2024.06.01"]
[Round "-"]
[White "LanceMaster23"]
[Black "IanCalvert2"]
[Result "0-1"]
[WhiteElo "1766"]
[BlackElo "1551"]
[TimeControl "300"]
[EndTime "10:31:37 PDT"]
[Termination "IanCalvert2 won by resignation"]

1. Nf3 d5 2. d4 Nf6 3. Bf4 c5 4. c3 Nc6 5. e3 Qb6 6. Qb3 c4 7.
Qxb6 axb6 8. Be2 b5 9. O-O b4 10. Nbd2 Bf5 11. Rfe1 e6 12. Nh4 Bg6 13. Nxg6 hxg6 14. Bf3 Be7 15. e4 dxe4 16. Nxe4 Nxe4 17. Rxe4 O-O 18. Re3 Rfd8 19. Bxc6 bxc6 20. cxb4 Bxb4 21. Be5 c5 22. dxc5 Bxc5 23. Ree1 Bd4 24. g3 Bxe5 25. Rxe5 Rd2 26. Rb5 Rc8 27. a4 c3 28. Rc1 c2 29.
Kg2 Rd1 30. Rxc2 Rxc2 31. Rb8+ Kh7 32. Rb7 f6 33. b4 Rdd2 34. h4 Rxf2+ 35. Kh3 f5 0-1

[Event "Live Chess"]
[Site "Chess.com"]
[Date "2024.06.01"]
[Round "-"]
[White "gmnorfolk"]
[Black "Grace6363"]
[Result "1-0"]
[WhiteElo "2144"]
[BlackElo "1121"]
[TimeControl "300"]
[EndTime "10:31:38 PDT"]
[Termination "gmnorfolk won by resignation"]

1. c4 c5 2. Nc3 Nc6 3. Nf3 g6 4. e3 d6 5. d4 cxd4 6. exd4 Bg4 7. d5 Ne5 8. Be2 Bxf3 9. gxf3 Qd7 10. f4 Nxc4 11.
Bxc4 Qh3 12. Be3 Bg7 13. Qa4+ Qd7 14. Bb5 1-0

[Event "Live Chess"]
[Site "Chess.com"]
[Date "2024.06.01"]
[Round "-"]
[White "Bunny55"]
[Black "grillage"]
[Result "0-1"]
[WhiteElo "1182"]
[BlackElo "1907"]
[TimeControl "300"]
[EndTime "10:32:04 PDT"]
[Termination "grillage won by resignation"]

1. e4 d5 2. exd5 Qxd5 3. Nc3 Qd8 4. Be2 Nf6 5. Nf3 Bg4 6. O-O e6 7. Re1 c6 8. h3 Bxf3 9. Bxf3 Nbd7 10. d4 Bd6 11.
Qe2 O-O 12. Ne4 Nxe4 13. Qxe4 Nf6 14. Qe2 Qc7 15. Bg5 Be7 16. c3 Rfe8 17. Bxf6 Bxf6 18. Rad1 g6 19. Qd3 Red8 20. g4 Qa5 21. a3 Qg5 22.
Qe3 Qh4 23. Qf4 Bg5 24. Qg3 Qxg3+ 25. fxg3 a5 26. h4 Bf6 27. g5 Bg7 28. Re2 Rd6 29.
Rde1 Rad8 30. Kg2 Kf8 31. a4 b5 32. axb5 cxb5 33. b3 b4 34. c4 Bxd4 35. Re4 Bc3 36. c5 Rd2+ 37. R1e2 Rxe2+ 38. Rxe2 Rc8 39. Rc2 Rxc5 40.
Bg4 Rd5 41. Bf3 Re5 42. Re2 Rc5 43. Rc2 Ke7 44. Re2 Bd4 45. Kh3 Rc3 46. h5 Rxf3 0-1

[Event "Live Chess"]
[Site "Chess.com"]
[Date "2024.06.01"]
[Round "-"]
[White "Nazar-Makarchuk"]
[Black "CheckThis4"]
[Result "0-1"]
[WhiteElo "963"]
[BlackElo "2693"]
[TimeControl "300"]
[EndTime "10:32:07 PDT"]
[Termination "CheckThis4 won by resignation"]

1. e4 d5 2. exd5 c6 3. dxc6 Nxc6 4. Nf3 e5 5. Bb5 Bd6 6. d3 Ne7 7. Nc3 O-O 8. O-O Bg4 9. Bg5 Nd4 10. Bxe7 Qxe7 11. Bc4 Nxf3+ 12. gxf3 Bh3 13. f4 exf4 14. Qh5 Bxf1 15. Kxf1 Rae8 16. Ne4 h6 17. Nxd6 Qxd6 18.
Qd5 Qxd5 19. Bxd5 b6 20. c4 Re7 21. Re1 Rxe1+ 22. Kxe1 Re8+ 23. Kd2 g5 24. b4 Kg7 25. a4 f5 26. c5 bxc5 27. bxc5 Kf6 28. c6 Ke5 29. Bc4 Rc8 30. Bb5 Kd4 31. Ke2 g4 32. f3 h5 33. fxg4 fxg4 34. Kf2 h4 35.
Kg2 Rc7 36. Kf2 f3 37. h3 gxh3 38. Kxf3 Rg7 39. Bc4 h2 40. c7 h1=Q+ 0-1

[Event "Live Chess"]
[Site "Chess.com"]
[Date "2024.06.01"]
[Round "-"]
[White "elephantgerrald"]
[Black "sshamil"]
[Result "0-1"]
[WhiteElo "756"]
[BlackElo "1686"]
[TimeControl "300"]
[EndTime "10:32:38 PDT"]
[Termination "sshamil won by checkmate"]

1. e4 Nc6 2. Nf3 d6 3. Nc3 Bg4 4. Be2 Nf6 5. O-O g6 6. d3 Bg7 7.
Be3 O-O 8. h3 Bxf3 9. Bxf3 Ne5 10. b3 c6 11. d4 Nxf3+ 12. Qxf3 Qa5 13. Bg5 h6 14. Bxf6 Bxf6 15. e5 dxe5 16. dxe5 Bxe5 17. b4 Qxb4 18. Rab1 Qxc3 19. Qxc3 Bxc3 20. Rxb7 e6 21. Kh2 Rfb8 22. Rc7 Be5+ 23. g3 Bxc7 24. Rd1 Rb2 25. Rd7 Rxc2 26. Rxc7 Rxf2+ 27. Kg1 Rxa2 28.
Rxc6 a5 29. Rc1 a4 30. Kf1 Rh2 31. Kg1 Rxh3 32. Kg2 Rh5 33. g4 Rb5 34. Kf2 a3 35.
Ra1 a2 36. Ke2 Rb1 37. Rxb1 axb1=Q 38. Ke3 Ra3+ 39. Kf4 Qb4+ 40. Ke5 Ra5+ 41. Kf6 Qd4+ 42. Ke7 Ra7+ 43. Ke8 Qd7# 0-1

[Event "Live Chess"]
[Site "Chess.com"]
[Date "2024.06.01"]
[Round "-"]
[White "Cruiseylee78"]
[Black "Velocity"]
[Result "1-0"]
[WhiteElo "1665"]
[BlackElo "1710"]
[TimeControl "300"]
[EndTime "10:32:59 PDT"]
[Termination "Cruiseylee78 won by resignation"]

1. d4 Nf6 2. Bf4 d6 3. e3 Nbd7 4. Bd3 e5 5. Bg5 h6 6. Bh4 Be7 7. Nf3 e4 8. Bxf6 Nxf6 9. Bc4 exf3 10. Qxf3 Be6 11. Bxe6 fxe6 12. h3 O-O 13. Qxb7 Rb8 14. Qxa7 Rxb2 15. Nd2 Qa8 16. Qxc7 Rxa2 17. Rxa2 Qxa2 18.
O-O Nd5 19. Qd7 Rf7 20. Qxe6 Nc3 21. Qc8+ Bf8 22. Qxc3 d5 23. Ra1 Rc7 24. Rxa2 Rxc3 25. e4 dxe4 26. Nxe4 Be7 27. Nxc3 1-0

[Event "Live Chess"]
[Site "Chess.com"]
[Date "2024.06.01"]
[Round "-"]
[White "rakibsachchu"]
[Black "DenisOnopriichuk2003"]
[Result "1-0"]
[WhiteElo "1564"]
[BlackElo "1798"]
[TimeControl "300"]
[EndTime "10:33:02 PDT"]
[Termination "rakibsachchu won by resignation"]

1. e4 c6 2. d4 d5 3. e5 Bf5 4.
Bd3 Bxd3 5. Qxd3 e6 6. f4 Qb6 7. Nf3 c5 8. c3 c4 9. Qc2 Ne7 10. O-O h5 11. Ng5 Nf5 12. Qe2 Be7 13. Na3 Bxg5 14.
fxg5 Nc6 15. Nc2 O-O-O 16. Ne3 Nce7 17. b3 Nxe3 18. Bxe3 Nf5 19. bxc4 Nxe3 20. Qxe3 dxc4 21. Rxf7 Rhf8 22. Rxg7 Qb2 23. Re1 Rd7 24. Rxd7 Kxd7 25. g6 Rg8 26. Qh6 Qxc3 27. Qh7+ Kc6 28. Rf1 Qxd4+ 29.
Kh1 Rd8 30. g7 Qd3 31. Qxd3 cxd3 32. Rf8 d2 33. Rxd8 1-0

[Event "Live Chess"]
[Site "Chess.com"]
[Date "2024.06.01"]
[Round "-"]
[White "Sokolik_UA"]
[Black "Enhard"]
[Result "0-1"]
[WhiteElo "798"]
[BlackElo "1414"]
[TimeControl "300"]
[EndTime "10:33:08 PDT"]
[Termination "Enhard won by checkmate"]

1. e4 c6 2. d4 d5 3. Nc3 dxe4 4. Nxe4 Bf5 5. f3 Bxe4 6. fxe4 Nf6 7. Be2 Nxe4 8. Nf3 e6 9. O-O Nf6 10. c3 Be7 11. Bg5 Nd5 12. Bxe7 Qxe7 13. Qd3 Nf6 14.
Ng5 h6 15. Ne4 Nbd7 16. Bf3 Nxe4 17. Bxe4 Nf6 18. b4 a6 19. a4 O-O 20. Ra2 Rad8 21. Raf2 Nd5 22. Bh7+ Kh8 23. Be4 Nf6 24. Bf3 e5 25. Bd1 e4 26. Qe3 Nd5 27. Qg3 e3 28.
Re2 Rde8 29. Bc2 Nxc3 30. Rxe3 Qxe3+ 31. Qxe3 Rxe3 32. b5 axb5 33. axb5 Nxb5 34. Bf5 Nxd4 35. Bh3 f6 36. Rf3 Nxf3+ 37. gxf3 Rxf3 38. Kg2 Re3 39. Kf2 Rfe8 40. Bg4 R8e7 41. h3 b5 42. Kg2 b4 43.
Kf2 c5 44. Kg2 c4 45. Kf2 c3 46. Be2 Rxe2+ 47. Kf3 R2e3+ 48. Kf4 R7e4+ 49. Kf5 Rd4 50. Kg6 Kg8 51. h4 Rd5 52. h5 Rg3# 0-1

[Event "Live Chess"]
[Site "Chess.com"]
[Date "2024.06.01"]
[Round "-"]
[White "TigerTank70"]
[Black "CennyddB"]
[Result "1-0"]
[WhiteElo "2180"]
[BlackElo "1132"]
[TimeControl "300"]
[EndTime "10:33:15 PDT"]
[Termination "TigerTank70 won by resignation"]

1. e4 c5 2. d4 cxd4 3. c3 Nf6 4. e5 Nd5 5. Bc4 Nb6 6. Bb3 Nc6 7. Nf3 e6 8. O-O d6 9. cxd4 dxe5 10. dxe5 Qxd1 11.
Rxd1 Be7 12. Be3 Nd7 13. Nc3 Ndxe5 14. Nxe5 Nxe5 15. Ba4+ Nc6 16. Nb5 O-O 17. Nc7 Rb8 18. Rac1 Rd8 19. b3 Ne5 20. Bxa7 Bd6 21. Bxb8 1-0

[Event "Live Chess"]
[Site "Chess.com"]
[Date "2024.06.01"]
[Round "-"]
[White "peteopeteo"]
[Black "Ksenia_2013"]
[Result "1-0"]
[WhiteElo "1608"]
[BlackElo "768"]
[TimeControl "300"]
[EndTime "10:33:26 PDT"]
[Termination "peteopeteo won by checkmate"]

1. e4 e5 2. Nf3 Nc6 3. Bc4 Bc5 4.
d4 exd4 5. c3 dxc3 6. Bxf7+ Kf8 7. Nxc3 Kxf7 8. Qd5+ Kf8 9. Qxc5+ d6 10. Qe3 Qe8 11.
O-O Qg6 12. Qf4+ Ke8 13. Nd5 Bh3 14. Nh4 Bxg2 15. Nxg6 Bxf1 16. Nxh8 Bh3 17. Nxc7+ Kd8 18. Nxa8 Nd4 19. Qxd6+ Kc8 20. Qc7# 1-0

[Event "Live Chess"]
[Site "Chess.com"]
[Date "2024.06.01"]
[Round "-"]
[White "ACM42"]
[Black "ALEX_UA_69"]
[Result "1-0"]
[WhiteElo "2220"]
[BlackElo "1775"]
[TimeControl "300"]
[EndTime "10:33:31 PDT"]
[Termination "ACM42 won by resignation"]

1. e4 e5 2. Nf3 Nc6 3. Bc4 Bc5 4. c3 d6 5. d4 exd4 6. cxd4 Bb4+ 7. Nc3 Nf6 8. O-O O-O 9. Re1 Bg4 10. Bg5 Bxf3 11. gxf3 h6 12. Bh4 g5 13. Bg3 Nh5 14.
a3 Bxc3 15. bxc3 Qf6 16. Rb1 Rab8 17. e5 dxe5 18. dxe5 Qf5 19. e6 Kg7 20. e7 Rfe8 21.
Bxc7 Rbc8 22. Rxb7 Rxe7 23. Rxe7 Nxe7 24. Qd4+ Qf6 25.
Be5 1-0

[Event "Live Chess"]
[Site "Chess.com"]
[Date "2024.06.01"]
[Round "-"]
[White "f4nomore"]
[Black "DarranAS"]
[Result "0-1"]
[WhiteElo "1204"]
[BlackElo "1467"]
[TimeControl "300"]
[EndTime "10:33:36 PDT"]
[Termination "DarranAS won by resignation"]

1. d4 d5 2. Nc3 c6 3. Nf3 Bg4 4.
e3 Bxf3 5. Qxf3 Nd7 6. Be2 Ngf6 7. O-O e6 8. a3 c5 9. Nd1 cxd4 10. exd4 Rc8 11.
c3 a6 12. Bf4 b5 13. Bg3 Nb6 14. Ne3 Bd6 15. Bh4 Be7 16. Bg3 Nc4 17. Nxc4 bxc4 18.
Rab1 Ne4 19. b3 Nd2 20. Qg4 Bf6 21. bxc4 Nxf1 22. Bxf1 dxc4 23. Rb4 Qa5 24. Qf3 O-O 25. Qb7 Qxa3 26. h3 Qxc3 27. Rb6 Bxd4 28. Rc6 Rxc6 29. Qxc6 Qxg3 30. Qxc4 Qxf2+ 31. Kh2 Be5+ 32. Kh1 Bd4 33. Kh2 g6 34. Qxa6 Rb8 35. Qe2 Rb2 36. Qxf2 Rxf2 37. Bb5 e5 38. Bc6 f5 39. Kg3 e4 40. Bd5+ Kg7 41. h4 e3 42. h5 f4+ 43. Kh3 e2 44. hxg6 e1=Q 0-1

[Event "Live Chess"]
[Site "Chess.com"]
[Date "2024.06.01"]
[Round "-"]
[White "Brooms1989"]
[Black "OliWally08"]
[Result "0-1"]
[WhiteElo "1061"]
[BlackElo "1263"]
[TimeControl "300"]
[EndTime "10:33:44 PDT"]
[Termination "OliWally08 won by resignation"]

1. e4 d5 2. exd5 Nf6 3. d4 Nxd5 4. c4 Nf6 5. Nf3 Bg4 6. Be2 Nc6 7. h3 Bh5 8. O-O e6 9. Be3 Bd6 10. c5 Be7 11.
Nc3 O-O 12. Nh2 Bxe2 13. Qxe2 Nd5 14. Nxd5 Qxd5 15. Rfd1 Bf6 16. Nf3 Rad8 17. Ne5 Nxe5 18. dxe5 Qxe5 19. Rxd8 Rxd8 20. Rd1 Rxd1+ 21. Qxd1 Qxb2 22.
Bg5 Bxg5 0-1

[Event "Live Chess"]
[Site "Chess.com"]
[Date "2024.06.01"]
[Round "-"]
[White "matt1979"]
[Black "kylet1990"]
[Result "1-0"]
[WhiteElo "1361"]
[BlackElo "724"]
[TimeControl "300"]
[EndTime "10:33:46 PDT"]
[Termination "matt1979 won by resignation"]

1. f4 c6 2. Nf3 d5 3. e3 Bf5 4. d3 e6 5. b3 Nf6 6. Bb2 c5 7. Ne5 Nc6 8. Be2 Nxe5 9. Bxe5 Bd6 10.
Bb2 O-O 11. O-O h5 12. Qe1 g6 13. Qh4 Ng4 14. Qg3 d4 15. e4 Bxe4 16. dxe4 Ne3 17.
Na3 Nxf1 18. Rxf1 Qf6 19. Bxh5 Kg7 20. e5 Bxe5 21. fxe5 Qe7 22. Bc1 c4 23. Nxc4 Qc5 24. Ba3 d3+ 25. Bxc5 dxc2 1-0

[Event "Live Chess"]
[Site "Chess.com"]
[Date "2024.06.01"]
[Round "-"]
[White "Crowded_House"]
[Black "FlyingChessKestrel13"]
[Result "1/2-1/2"]
[WhiteElo "1756"]
[BlackElo "2097"]
[TimeControl "300"]
[EndTime "10:33:46 PDT"]
[Termination "Game drawn by agreement"]

1. d4 d5 2. Bf4 Nf6 3. e3 c5 4. dxc5 Nc6 5. c3 e5 6. Bg3 Bxc5 7. Nf3 Bg4 8. Be2 O-O 9. Nxe5 Nxe5 10. Bxe5 Bxe2 11.
Qxe2 Qe7 12. Bxf6 Qxf6 13. O-O Rfe8 14. Qd3 Qe5 15. Nd2 Bd6 16. Nf3 Qe6 17. Ng5 Qh6 18.
Nf3 Rad8 19. Qf5 g6 20. Qg5 Bxh2+ 21. Kh1 Qxg5 22. Nxg5 Bc7 23. Rfd1 h6 24. Nf3 f5 25. Rd4 Bb6 26. Rd3 g5 27. Rad1 g4 28. Nd4 Re5 29. Nb3 Kf7 30. Nd2 Ree8 31. Nb3 Ke6 32. Nd4+ Bxd4 33.
Rxd4 b5 34. b3 Rc8 35. Rxd5 Rxc3 36. Rd6+ 1/2-1/2

[Event "Live Chess"]
[Site "Chess.com"]
[Date "2024.06.01"]
[Round "-"]
[White "NottheBishopSacrifice"]
[Black "jimwad"]
[Result "1-0"]
[WhiteElo "2219"]
[BlackElo "1241"]
[TimeControl "300"]
[EndTime "10:34:25 PDT"]
[Termination "NottheBishopSacrifice won by resignation"]

1. d4 d5 2. c4 c6 3. Nf3 Nf6 4. e3 Bg4 5. Be2 e6 6. O-O Be7 7. b3 O-O 8. Bb2 Nbd7 9. Nbd2 a6 10. h3 Bh5 11. Rc1 c5 12. cxd5 Nxd5 13. Nc4 b5 14. Nce5 Nxe5 15. Nxe5 Bxe2 16. Qxe2 Bf6 17. Rxc5 Rc8 18.
Rxc8 Qxc8 19. Rc1 Qb7 20. Nd3 Rc8 21. Nc5 Qb8 22. e4 Ne7 23. Nd7 Rxc1+ 24. Bxc1 Qd6 25. Nxf6+ gxf6 26. Qg4+ Ng6 27. Be3 Qa3 28. h4 Kf8 29. h5 Ne7 30. Bh6+ Ke8 31. Qf4 Qa5 32. Qb8+ Qd8 33. Qa7 a5 34. Qc5 b4 35. Bg7 f5 36.
exf5 Nxf5 37. Qc6+ Qd7 38. Qxd7+ Kxd7 39. h6 Nxd4 40.
Bxd4 Kc6 41. Kf1 Kb5 42. Ke2 a4 43. Kd3 axb3 44. axb3 Kc6 45. Ke4 Kd6 46. Be3 f5+ 47. Kf4 Kd5 48. Bd2 Kd4 49. Bxb4 Kd5 50. Bf8 Kd4 51. b4 Kc4 52. b5 Kxb5 53. Ke5 Kc6 54.
Kxe6 f4 55. Kf5 f3 56. Kf6 Kd5 57. gxf3 Kc6 58. Kg7 1-0

[Event "Live Chess"]
[Site "Chess.com"]
[Date "2024.06.01"]
[Round "-"]
[White "StoreySniper"]
[Black "Frankie_Badacsonyi"]
[Result "1-0"]
[WhiteElo "2549"]
[BlackElo "2435"]
[TimeControl "300"]
[EndTime "10:34:28 PDT"]
[Termination "StoreySniper won by resignation"]

1. e4 c6 2. Nc3 d5 3. Nf3 Bg4 4. d3 e6 5. Be2 dxe4 6. Nxe4 Nd7 7. Bd2 Ngf6 8. Bc3 Be7 9. h3 Bxf3 10. Bxf3 Nxe4 11.
Bxe4 Bf6 12. Qd2 Bxc3 13. Qxc3 Nf6 14. Bf3 Qd6 15. O-O O-O 16. Rfe1 Rad8 17. Qb3 Rd7 18. a4 Rfd8 19. a5 g6 20. Ra4 Nd5 21. Bxd5 Qxd5 22.
Qc3 a6 23. Ree4 h5 24. Rf4 Qd6 25. Rf3 Qf8 26. Raf4 Qg7 27. Qb4 Qf8 28. Qb3 Qg7 29. Rf6 Re7 30. Qb4 Rdd7 31. Qf4 Kh7 32. g4 e5 33. Qg5 Qh6 34. Qh4 hxg4 35. Qxg4 Kg7 36. Qc4 Qg5+ 37. Kf1 e4 38. Qc3 Kg8 39. R3f4 exd3 40.
cxd3 Qe5 41. Qxe5 Rxe5 42. b4 Red5 43. Ke2 Kg7 44. h4 Re7+ 45. Kd2 Rde5 46. Kc3 R5e6 47. Rxe6 Rxe6 48. Rd4 Kf6 49. Rf4+ Ke7 50. Kd4 Rd6+ 51. Kc4 Rf6 52. Rxf6 Kxf6 53. Kc5 1-0

[Event "Live Chess"]
[Site "Chess.com"]
[Date "2024.06.01"]
[Round "-"]
[White "Mikhail_Golubev"]
[Black "AnotherOneBadPlayer"]
[Result "0-1"]
[WhiteElo "2613"]
[BlackElo "2219"]
[TimeControl "300"]
[EndTime "10:34:30 PDT"]
[Termination "AnotherOneBadPlayer won on time"]

1. e4 e6 2. d4 d5 3. e5 c5 4.
c3 Bd7 5. Nf3 Qb6 6. Bd3 Bb5 7.
dxc5 Bxc5 8. O-O a5 9. Bxb5+ Qxb5 10. a4 Qb6 11. Nbd2 Nc6 12. Nb3 Nge7 13. Nxc5 Qxc5 14. Be3 Qc4 15. b3 Qxc3 16. Rc1 Qb4 17. Bc5 Qg4 18. h3 Qg6 19. Nd4 O-O 20. Nxc6 Nxc6 21.
Bxf8 Rxf8 22. Re1 Qf5 23. Qe2 Nd4 24. Qb2 Nc6 25. Rc5 f6 26. exf6 Rxf6 27. Rc2 Rg6 28. Kh1 Qg5 29. f3 Rh6 30. Rce2 e5 31. Qd2 Qxd2 32.
Rxd2 d4 33. Re4 Rg6 34. Kg1 Rd6 35. Kf2 Rd8 36. Rc2 Kf7 37. Ke1 Ke6 38. Rc5 Kd6 39. Rb5 Rc8 40. Kd2 Rf8 41. Rxb7 Rc8 42. Rb5 Nb4 43. f4 Rc2+ 44. Kd1 Rxg2 45. fxe5+ Ke6 46.
Rxd4 Rg1+ 47. Ke2 Rg2+ 48. Kf3 Rb2 49. Rd6+ Kf5 50. e6+ Kf6 51. e7+ Kxe7 52. Rdb6 Rxb3+ 53. Kf4 Ra3 54. Ke5 Nd3+ 55. Kd4 Nb4 56. Rb7+ Kf6 57.
R5b6+ Kg5 58. Rxg7+ Kh4 59. Rxh7+ Kg3 60. Rg7+ Kf2 0-1

[Event "Live Chess"]
[Site "Chess.com"]
[Date "2024.06.01"]
[Round "-"]
[White "MagnersCarlsberg2870"]
[Black "nigelst"]
[Result "1-0"]
[WhiteElo "1886"]
[BlackElo "1705"]
[TimeControl "300"]
[EndTime "10:34:42 PDT"]
[Termination "MagnersCarlsberg2870 won by checkmate"]

1. e4 c6 2. d3 d5 3. Nd2 e5 4. Ngf3 Bg4 5. h3 Bxf3 6. Qxf3 Nf6 7. Be2 Bc5 8. Nb3 Bb6 9. Bg5 Nbd7 10. O-O-O O-O 11.
h4 a5 12. h5 a4 13. Nd2 h6 14. Bh4 Qc7 15. g4 dxe4 16. Nxe4 Nxe4 17. dxe4 Bd4 18.
c3 Bc5 19. g5 hxg5 20. Bxg5 Qb6 21. h6 Bxf2 22. hxg7 Kxg7 23. Bh6+ Kg6 24. Qf5# 1-0

[Event "Live Chess"]
[Site "Chess.com"]
[Date "2024.06.01"]
[Round "-"]
[White "KeithArkell"]
[Black "Dhaydon19"]
[Result "0-1"]
[WhiteElo "2513"]
[BlackElo "2686"]
[TimeControl "300"]
[EndTime "10:34:46 PDT"]
[Termination "Dhaydon19 won by resignation"]

1. d4 c6 2. Nf3 d5 3. c4 Nf6 4. Nc3 e6 5. cxd5 cxd5 6. Bg5 Nc6 7. e3 Be7 8. Bd3 O-O 9. O-O a6 10. Rc1 Bd7 11. Ne5 Be8 12. Na4 Nxe5 13. dxe5 Nd7 14.
Bxe7 Qxe7 15. f4 b5 16. Nc3 f6 17. exf6 Nxf6 18. Ne2 e5 19. Qd2 exf4 20. Nxf4 Bf7 21. Bc2 Rfe8 22. Rfe1 Rac8 23. Bb3 Rxc1 24. Qxc1 Qe5 25.
Qd2 d4 26. Bxf7+ Kxf7 27. Nd3 Qd5 28. Nf4 Qe4 29. Qd3 dxe3 30. Qxe4 Rxe4 31. Nd3 Nd5 32. Nc5 Rd4 33. Nxa6 Rd2 34. a4 bxa4 35. Nc5 Rxb2 36.
Nxa4 Rc2 37. Rb1 Nf4 38. g3 Nd3 39. Rf1+ Kg6 0-1

[Event "Live Chess"]
[Site "Chess.com"]
[Date "2024.06.01"]
[Round "-"]
[White "Duke_of_Bebington"]
[Black "RuslanChessN"]
[Result "1-0"]
[WhiteElo "1637"]
[BlackElo "1944"]
[TimeControl "300"]
[EndTime "10:34:48 PDT"]
[Termination "Duke_of_Bebington won by resignation"]

1. e4 c6 2. d4 d5 3. e5 Bf5 4.
g4 Bg6 5. h4 h5 6. e6 hxg4 7.
Qxg4 Nf6 8. Qg2 Bxc2 9. exf7+ Kxf7 10. Nf3 Nbd7 11. Ng5+ Ke8 12. Bf4 Qb6 13. Nd2 Qxb2 14.
Rd1 Bxd1 15. Kxd1 Qa1+ 16. Ke2 Qxd4 17. Ne6 Qe4+ 18. Nxe4 1-0

[Event "Live Chess"]
[Site "Chess.com"]
[Date "2024.06.01"]
[Round "-"]
[White "yarek"]
[Black "karina55"]
[Result "0-1"]
[WhiteElo "1726"]
[BlackElo "1798"]
[TimeControl "300"]
[EndTime "10:34:51 PDT"]
[Termination "karina55 won on time"]

1. e4 e5 2. d4 exd4 3. Qxd4 Nc6 4. Qe3 Bb4+ 5. Bd2 Bxd2+ 6. Nxd2 Qe7 7. Bc4 Nf6 8. f3 d5 9. Bb3 d4 10. Qf4 O-O 11. O-O-O Be6 12. g4 a5 13. g5 Ne8 14. Ne2 a4 15. Bxe6 fxe6 16. Qg3 e5 17. Nc4 Qe6 18. Na3 Qxa2 19. f4 Nd6 20. fxe5 Nxe4 21. Qg2 Nf2 22. Rhf1 Nxd1 23. Rxd1 Qa1+ 24. Nb1 Rad8 25. Qe4 Rde8 26. Nxd4 Rxe5 0-1

[Event "Live Chess"]
[Site "Chess.com"]
[Date "2024.06.01"]
[Round "-"]
[White "SavagePawn7"]
[Black "vincents82"]
[Result "0-1"]
[WhiteElo "684"]
[BlackElo "2123"]
[TimeControl "300"]
[EndTime "10:34:51 PDT"]
[Termination "vincents82 won by resignation"]

1. e4 c5 2. d4 cxd4 3. c3 dxc3 4. Nxc3 Nc6 5. Nf3 d6 6. Bc4 Be6 7. Bxe6 fxe6 8. O-O Nf6 9. Qe2 e5 10. Bg5 g6 11.
Rfd1 Bg7 12. Nd5 Nxd5 13. exd5 Nd4 14. Nxd4 exd4 15. Re1 O-O 16. Qxe7 Qb6 17. Qe6+ Kh8 18. Re2 d3 19. Rd2 Rae8 20. Qg4 Bd4 21. Qg3 Re2 22.
Rxe2 dxe2 23. Re1 Bxf2+ 0-1

[Event "Live Chess"]
[Site "Chess.com"]
[Date "2024.06.01"]
[Round "-"]
[White "blunderabit"]
[Black "SirGerhard"]
[Result "0-1"]
[WhiteElo "1814"]
[BlackElo "2771"]
[TimeControl "300"]
[EndTime "10:34:52 PDT"]
[Termination "SirGerhard won on time"]

1. e4 c5 2. Nf3 d6 3. d4 cxd4 4.
Nxd4 Nf6 5. Nc3 a6 6. Bd3 Nc6 7. Nb3 g6 8. f3 Bg7 9. Be3 d5 10. exd5 Nxd5 11. Nxd5 Qxd5 12. c3 O-O 13. Qe2 Ne5 14.
Be4 Qc4 15. Kf2 Qxe2+ 16. Kxe2 Nc4 17. Rab1 Nxe3 18. Kxe3 Rb8 19. Rhd1 Be5 20. g3 Bd6 21. c4 b6 22. Kf2 Be6 23. Rbc1 Rfc8 24. Nd2 b5 25. Bd5 Bxd5 26. cxd5 Be5 27. b3 Bb2 28.
Rxc8+ Rxc8 29. Ke3 Rc2 30. h4 Be5 31. g4 Rxa2 32. h5 Kg7 33. f4 Bd6 34. Ne4 Rb2 35. Rd3 Bb4 36. Ng5 a5 37. h6+ Kg8 38. Ne4 a4 39. bxa4 bxa4 40. d6 exd6 41. Nf6+ Kh8 42. Kf3 Rb3 0-1

[Event "Live Chess"]
[Site "Chess.com"]
[Date "2024.06.01"]
[Round "-"]
[White "Isambard_Thomas"]
[Black "PureDashingOctopus"]
[Result "0-1"]
[WhiteElo "2137"]
[BlackElo "2234"]
[TimeControl "300"]
[EndTime "10:34:54 PDT"]
[Termination "PureDashingOctopus won by resignation"]

1. d4 Nf6 2. Nf3 g6 3. Bg5 Bg7 4. e3 d5 5. Bd3 O-O 6. Nbd2 c5 7. c3 Nc6 8. Qe2 b6 9. O-O-O Bb7 10. h4 h5 11. Bxf6 Bxf6 12. Ng5 Rc8 13. g4 cxd4 14.
exd4 Nxd4 15. Qe3 hxg4 16. Kb1 Nf5 17. Bxf5 gxf5 18. Rhg1 d4 19. cxd4 Qxd4 20. Qb3 Bd5 21. Qa3 Qc5 22. Qxc5 Rxc5 23. Nf1 Bxg5 24. hxg5 Bf3 25.
Rd2 Be4+ 0-1

[Event "Live Chess"]
[Site "Chess.com"]
[Date "2024.06.01"]
[Round "-"]
[White "MellowAesthetic"]
[Black "booktrunk"]
[Result "1-0"]
[WhiteElo "2068"]
[BlackElo "1400"]
[TimeControl "300"]
[EndTime "10:35:21 PDT"]
[Termination "MellowAesthetic won by resignation"]

1. e4 b6 2. d4 Bb7 3. Nc3 e6 4. Nf3 c5 5. d5 exd5 6. exd5 Qe7+ 7. Be2 d6 8. O-O Nd7 9. Re1 O-O-O 10. a4 f6 11. a5 Kb8 12. axb6 Nxb6 13. Bb5 Qc7 14.
Bf4 g5 15. Bg3 Nh6 16. Qd3 Bg7 17. Re6 f5 18. Nxg5 Bxc3 19. bxc3 Ng4 20. c4 Rhf8 21.
Bf4 Rf6 22. Rae1 Rxe6 23. Rxe6 Rf8 24. Bxd6 1-0